AoeStats
← hightower_208

Arena

508696993Analyzed
2v2 RM · 9d ago on Sep 23, 2026· 41m 18s· 4 players
Game mode
Random Map
Map size
Medium (4 player)
Population
200
Speed
Normal
Resources
Standard
Victory
Conquest
Starting age
Dark Age
Ending age
Imperial Age
RankedLock teamsTeams togetherTeam positionsShared explorationLock speedFull tech treeHidden civsTurbo modeCheats
Victory
Defeat
🇺🇸 Teutons · United States
1663
+16
🇭🇰 Japanese · Hong Kong SAR China
1602
+18
🇩🇪 Saxons · Germany
1668
-17
🇩🇪 Mongols · Germany
1642
-17
hightower_208
9:41 Feudal Age
9:08 Loom
13:37 Castle Age
25:24 Fletching
29:05 Wheelbarrow
28:31 Double-Bit Axe
29:14 Horse Collar
29:51 Bodkin Arrow
34:37 Imperial Age
32:06 Guard Tower
33:26 Bow Saw
34:08 Scale Mail Armor
35:29 Squires
36:22 Chain Mail Armor
Mjoelnir
8:49 Feudal Age
12:25 Castle Age
11:18 Double-Bit Axe
13:08 Horse Collar
18:39 Stone Mining
22:04 Loom
24:52 Imperial Age
22:32 Fletching
25:46 Wheelbarrow
25:27 Bodkin Arrow
26:09 Bracer
27:53 Bow Saw
27:44 Heavy Plow
35:53 Ballistics
36:14 Padded Archer Armor
35:47 Capped Ram
40:34 Masonry
40:49 Conscription
40:46 Leather Archer Armor
MeLoveXbox
6:08 Loom
8:20 Feudal Age
9:20 Double-Bit Axe
9:57 Fletching
16:32 Forging
17:15 Wheelbarrow
17:13 Scale Barding Armor
18:24 Town Watch
19:03 Horse Collar
25:18 Castle Age
24:36 Bloodlines
24:34 Stone Mining
24:53 Gold Mining
28:10 Bow Saw
29:14 Squires
29:15 Scale Mail Armor
32:59 Imperial Age
30:48 Chain Mail Armor
32:44 Heavy Plow
34:17 Plate Mail Armor
34:10 Hand Cart
36:23 Chain Barding Armor
36:05 Cavalier
38:39 Plate Barding Armor
38:55 Arson
40:49 Iron Casting
41:55 Two-Man Saw
mbxmm
11:47 Feudal Age
13:31 Double-Bit Axe
16:09 Castle Age
15:45 Loom
17:32 Gold Mining
17:53 Bow Saw
23:03 Imperial Age
21:16 Fletching
21:35 Stone Mining
22:22 Gold Shaft Mining
24:30 Bodkin Arrow
24:58 Guard Tower
27:35 Bracer
30:18 Wheelbarrow
32:41 Ballistics
32:24 Padded Archer Armor
33:34 Leather Archer Armor
32:42 Elite Skirmisher
35:08 Conscription
36:25 Arrowslits
38:49 Yasama
42:52 Chemistry
Connection lost

Rejoining the realm…

Still unreachable

The connection could not be restored.

Session expired

The server has moved on; the page needs a fresh start.